[Event "Titled Tuesday Blitz June 1 2021"]
[White "Janaszak, Dawid"]
[Black "Dzhaparov, Medet"]
[WhiteFideId "1119206"]
[BlackFideId "13803689"]
[WhiteElo "2332"]
[BlackElo "1702"]
[Result "0-1"]
[Round "07"]
[TimeControl "180+1"]
[Date "2021.06.01"]
[WhiteClock "0:00:02"]
[BlackClock "0:00:03"]

1. d4 Nf6 2. Nf3 g6 3. Bf4 Bg7 4. Nc3 d5 5. Nb5 Na6 6. a4 O-O 7. c3 c6 8. Na3 Qb6 9. Qc1 Bf5 10. h3 Nd7 11. e3 e5 12. Bh2 Rfe8 13. a5 Qxa5 14. Nb5 Qb6 15. Nd6 exd4 16. Nxf5 gxf5 17. Bxa6 dxe3 18. Bd3 Nc5 19. Bxf5 Nb3 20. Qb1 exf2+ 21. Kd1 Qe3 22. Qd3 Qxd3+ 23. Bxd3 Nxa1 24. Bg3 Nb3 25. Bxf2 a5 26. Kc2 a4 27. Rf1 b5 28. Nh4 Na5 29. Nf5 Nc4 30. Bc5 a3 31. b3 Ne5 32. Nd6 Nxd3 33. Kxd3 Re6 34. Ra1 Bf8 35. Nb7 Bxc5 36. Nxc5 Rf6 37. b4 Rg6 38. g4 h5 39. gxh5 Rg3+ 40. Kd4 Rxh3 41. Nd7 Rh4+ 42. Ke5 Rxh5+ 43. Kd6 Kh8 44. Kxc6 a2 45. Kb7 Ra3 46. Nf6 Rf5 47. Rh1+ Kg7 48. Ne8+ Kf8 49. Nd6 Rf6 50. Nc8 a1=Q 51. Rh8+ Kg7 52. Rd8 Kg6 53. Nd6 Kg5 54. Rg8+ Kf4 55. Rh8 Rxd6 56. Rh4+ Ke5 57. Rh5+ f5 58. Rh7 Ra7+ 0-1


[Site "https://www.chess.com"]

[Event "Titled Tuesday Blitz June 1 2021"]
[White "Kamsky, Gata"]
[Black "Willow, Jonah B"]
[WhiteFideId "2000024"]
[BlackFideId "438804"]
[WhiteElo "2644"]
[BlackElo "2261"]
[Result "1-0"]
[Round "07"]
[TimeControl "180+1"]
[Date "2021.06.01"]
[WhiteClock "0:00:56"]
[BlackClock "0:01:01"]

1. d4 Nf6 2. Nf3 e6 3. Bf4 c5 4. e3 cxd4 5. exd4 b6 6. Nbd2 Bb7 7. a4 a6 8. h3 Be7 9. Bd3 O-O 10. O-O d6 11. Bh2 Re8 12. Re1 Bf8 13. Nc4 Nd5 14. c3 Qc7 15. Qb3 Nd7 16. Rad1 g6 17. Bf1 Rec8 18. Ng5 N5f6 19. Nd2 Bd5 20. c4 Bb7 21. Qe3 Re8 22. b4 Qc6 23. Qb3 b5 24. cxb5 axb5 25. axb5 Qd5 26. Qxd5 Bxd5 27. Nge4 Nxe4 28. Nxe4 Bxe4 29. Rxe4 d5 30. Re3 Bxb4 31. Rb3 Ra4 32. Bc7 Rc8 33. b6 Ba5 34. Bb5 1-0


[Site "https://www.chess.com"]

[Event "Titled Tuesday Blitz June 1 2021"]
[White "Khusnutdinov, Rustam"]
[Black "Woodward, Andy"]
[WhiteFideId "13701703"]
[BlackFideId "30953499"]
[WhiteElo "2814"]
[BlackElo "2602"]
[Result "0-1"]
[Round "07"]
[TimeControl "180+1"]
[Date "2021.06.01"]
[WhiteClock "0:00:54"]
[BlackClock "0:01:55"]

1. d4 Nf6 2. c3 d5 3. Bf4 c5 4. e3 Nc6 5. Nd2 Bf5 6. Ngf3 e6 7. Qb3 Qc8 8. Nh4 c4 9. Qd1 b5 10. Be2 Be7 11. O-O O-O 12. Re1 a5 13. Nxf5 exf5 14. Bg5 b4 15. Bxf6 Bxf6 16. Bf3 Rd8 17. Qa4 Ne7 18. Rec1 Qb7 19. b3 bxc3 20. Rxc3 Qb4 21. Rcc1 Qxd2 22. bxc4 f4 23. Rd1 Qb4 24. Qxb4 axb4 25. exf4 dxc4 26. Bxa8 Rxa8 27. Rab1 Nd5 0-1


[Site "https://www.chess.com"]

[Event "Titled Tuesday Blitz June 1 2021"]
[White "Klimkowski, Jan"]
[Black "Triapishko, Alexandr"]
[WhiteFideId "21856222"]
[BlackFideId "14122286"]
[WhiteElo "1903"]
[BlackElo "2490"]
[Result "1-0"]
[Round "07"]
[TimeControl "180+1"]
[Date "2021.06.01"]
[WhiteClock "0:00:14"]
[BlackClock "0:00:01"]

1. e4 c6 2. d4 d5 3. exd5 cxd5 4. c4 Nf6 5. Nc3 g6 6. Qb3 Bg7 7. cxd5 O-O 8. Be2 Na6 9. Bf3 Rb8 10. Bf4 Nc7 11. Qc4 Nfe8 12. Nb5 Nxb5 13. Qxb5 Nd6 14. Qb4 a5 15. Qd2 Bf5 16. Rc1 Ne4 17. Bxe4 Bxe4 18. f3 Bxd5 19. Bxb8 Qxb8 20. Ne2 Bxa2 21. Qxa5 Be6 22. O-O Bh6 23. Ra1 Qd6 24. Qe5 Qb6 25. Nf4 Bc4 26. Rfc1 Bg7 27. Nd5 Qxb2 28. Nxe7+ Kh8 29. Qd6 Qxd4+ 30. Qxd4 Bxd4+ 31. Kh1 Bxa1 32. Rxc4 Re8 33. Re4 f5 34. Nxg6+ hxg6 35. Rxe8+ 1-0


[Site "https://www.chess.com"]

[Event "Titled Tuesday Blitz June 1 2021"]
[White "Korchmar, Vasiliy"]
[Black "Kovalev, Vladislav"]
[WhiteFideId "24131750"]
[BlackFideId "13504398"]
[WhiteElo "2370"]
[BlackElo "2573"]
[Result "0-1"]
[Round "07"]
[TimeControl "180+1"]
[Date "2021.06.01"]
[WhiteClock "0:00:10"]
[BlackClock "0:01:28"]

1. d4 Nf6 2. c4 g6 3. Nc3 Bg7 4. e4 d6 5. h3 O-O 6. Nf3 e5 7. d5 a5 8. g4 Na6 9. Be3 Nc5 10. Nd2 Ne8 11. Rg1 c6 12. Qf3 a4 13. a3 Nc7 14. h4 Bd7 15. h5 cxd5 16. cxd5 b5 17. g5 Qb8 18. Na2 N7a6 19. Bh3 Nd3+ 20. Ke2 Bxh3 21. Qxh3 Nf4+ 22. Bxf4 exf4 23. hxg6 hxg6 24. Rh1 Re8 25. Qf3 b4 26. Rh4 Qb5+ 27. Qd3 Qxd3+ 28. Kxd3 Nc5+ 0-1


[Site "https://www.chess.com"]

[Event "Titled Tuesday Blitz June 1 2021"]
[White "Korkmaz, Necmettin"]
[Black "Gokerkan, Cem Kaan"]
[WhiteFideId "6303285"]
[BlackFideId "6336760"]
[WhiteElo "2094"]
[BlackElo "2361"]
[Result "0-1"]
[Round "07"]
[TimeControl "180+1"]
[Date "2021.06.01"]
[WhiteClock "0:00:11"]
[BlackClock "0:00:21"]

1. d4 Nf6 2. Nf3 g6 3. c4 Bg7 4. Nc3 O-O 5. Bg5 c5 6. d5 d6 7. e3 h6 8. Bh4 e6 9. Be2 exd5 10. cxd5 Re8 11. O-O Na6 12. Re1 Bf5 13. a3 Nc7 14. Rc1 g5 15. Bg3 Ne4 16. Nd2 Nxc3 17. bxc3 Nxd5 18. e4 Nxc3 19. Rxc3 Bxc3 20. exf5 d5 21. Rf1 c4 22. Bf3 Bf6 23. Qc2 Qa5 24. Rb1 Rad8 25. Rxb7 Re1+ 26. Nf1 Qxa3 27. Bc7 Qa1 28. Be2 Re8 29. Rb8 Rxb8 30. Bxb8 Qb2 31. Qxb2 Bxb2 32. f3 Rxe2 0-1


[Site "https://www.chess.com"]

[Event "Titled Tuesday Blitz June 1 2021"]
[White "Kosteniuk, Alexandra"]
[Black "Novikov, Evgenij"]
[WhiteFideId "4128125"]
[BlackFideId "4125380"]
[WhiteElo "2521"]
[BlackElo "2242"]
[Result "1-0"]
[Round "07"]
[TimeControl "180+1"]
[Date "2021.06.01"]
[WhiteClock "0:00:38"]
[BlackClock "0:00:05"]

1. e4 c6 2. c4 d6 3. Nc3 Qc7 4. d4 e5 5. Nf3 Be7 6. g3 Nf6 7. Bg2 O-O 8. O-O a6 9. a4 a5 10. h3 Na6 11. g4 Rd8 12. Bg5 h6 13. Bh4 Be6 14. b3 Nb4 15. Bg3 exd4 16. Nxd4 Bd7 17. Kh2 Be8 18. f4 Bf8 19. Qe2 Qb6 20. Bf2 Qc7 21. Bg3 Qb6 22. Rad1 d5 23. cxd5 cxd5 24. e5 Ne4 25. Nxe4 dxe4 26. Qxe4 Nc6 27. Nb5 Rxd1 28. Rxd1 Rd8 29. Rxd8 Qxd8 30. f5 Qd1 31. Qd5 Qe2 32. e6 Be7 33. Nc7 fxe6 34. Qxe6+ Qxe6 35. Nxe6 Bf7 36. Bd5 Nd4 37. Bc7 b5 38. Bxa5 Bd6+ 39. Kg2 bxa4 40. bxa4 Kh7 41. Bc3 Nc2 42. Kf3 Be8 43. a5 Bb5 44. Nd4 Ba6 45. Nxc2 1-0


[Site "https://www.chess.com"]

[Event "Titled Tuesday Blitz June 1 2021"]
[White "Loy, Konstantin"]
[Black "Hebden, Mark L"]
[WhiteFideId "14122499"]
[BlackFideId "400084"]
[WhiteElo "2084"]
[BlackElo "2457"]
[Result "0-1"]
[Round "07"]
[TimeControl "180+1"]
[Date "2021.06.01"]
[WhiteClock "0:00:07"]
[BlackClock "0:01:19"]

1. e4 e5 2. Nf3 Nc6 3. d4 exd4 4. Nxd4 Nf6 5. Nxc6 bxc6 6. Bd3 d5 7. e5 Ng4 8. O-O Bc5 9. Qe2 Qe7 10. Bf4 g5 11. Bd2 Nxe5 12. Re1 f6 13. Bxg5 fxg5 14. Qxe5 Qxe5 15. Rxe5+ Kd7 16. Rxg5 Rb8 17. Nc3 Kd6 18. Rh5 h6 19. Rh4 Rxb2 20. Na4 Rb4 21. Rxb4 Bxb4 22. Rb1 Ba5 23. Rb8 Re8 24. g3 Bd7 25. Rxe8 Bxe8 26. f4 c5 27. Nb2 Bc3 28. Nd1 Bd4+ 29. Kg2 c4 30. Be2 c3 31. g4 c5 32. h4 c4 33. f5 Ke5 34. Kf3 Ba4 35. Ne3 Bxe3 36. Kxe3 Bxc2 37. a3 d4+ 38. Kf3 d3 0-1


[Site "https://www.chess.com"]

[Event "Titled Tuesday Blitz June 1 2021"]
[White "Lysyj, Igor"]
[Black "Yurovskykh, Oleksandr"]
[WhiteFideId "4150120"]
[BlackFideId "14134020"]
[WhiteElo "2762"]
[BlackElo "2571"]
[Result "1-0"]
[Round "07"]
[TimeControl "180+1"]
[Date "2021.06.01"]
[WhiteClock "0:00:42"]
[BlackClock "0:00:20"]

1. d4 d5 2. c4 dxc4 3. e3 Nf6 4. Bxc4 e6 5. Nf3 c5 6. O-O Nc6 7. a3 cxd4 8. exd4 Be7 9. Nc3 O-O 10. Re1 b6 11. Bf4 Bb7 12. Ba2 Rc8 13. Qd3 Bd6 14. Bg5 h6 15. Bh4 g5 16. Bg3 Bxg3 17. hxg3 Ne7 18. Rad1 Ned5 19. Ne5 Nxc3 20. bxc3 Qc7 21. c4 Rfd8 22. Bb1 Rd6 23. f4 Rcd8 24. Qe3 g4 25. f5 Kg7 26. Qf4 Ba8 27. Nxg4 Ng8 28. f6+ Kf8 29. Nxh6 Qxc4 30. Nxg8 Rxd4 31. Rxd4 Qxd4+ 32. Qxd4 Rxd4 33. Ne7 Bb7 34. Rc1 Ke8 35. Rc7 Rd7 36. Rxd7 Kxd7 37. g4 b5 38. g5 a5 39. g6 fxg6 40. Nxg6 Ke8 41. Ne5 b4 42. axb4 axb4 43. g4 b3 44. g5 b2 45. g6 Be4 1-0


[Site "https://www.chess.com"]

[Event "Titled Tuesday Blitz June 1 2021"]
[White "Makhnev, Denis"]
[Black "Turzo, Attila"]
[WhiteFideId "13707647"]
[BlackFideId "704954"]
[WhiteElo "2549"]
[BlackElo "2478"]
[Result "1/2-1/2"]
[Round "07"]
[TimeControl "180+1"]
[Date "2021.06.01"]
[WhiteClock "0:00:19"]
[BlackClock "0:00:35"]

1. Nf3 d5 2. c4 c6 3. cxd5 cxd5 4. d4 Nc6 5. Nc3 Nf6 6. Bf4 a6 7. Rc1 Bf5 8. e3 e6 9. Be2 Bd6 10. Bxd6 Qxd6 11. O-O O-O 12. Na4 Nd7 13. Qd2 Rfc8 14. Nc5 Nxc5 15. Rxc5 Bg4 16. Rfc1 Bxf3 17. Bxf3 b6 18. R5c3 Ne7 19. Be2 a5 20. g3 g6 21. a3 Rxc3 22. Rxc3 Rc8 23. Rxc8+ Nxc8 24. Qc3 Ne7 25. Bb5 Qd8 26. Kg2 Qc8 27. Qd2 Nf5 28. Bd3 Nd6 29. h4 h5 30. Qd1 Kg7 31. Qb3 Qc7 32. Kf3 Kf6 33. Ke2 Ke7 34. Qd1 Nc4 35. Qc2 Kd8 36. a4 Nd6 37. Qxc7+ Kxc7 38. b3 Ne8 39. f3 Nd6 40. g4 Kd7 41. gxh5 gxh5 42. e4 Ke7 43. e5 Nc8 44. f4 f5 45. Kd2 Kf7 46. Kc3 Ne7 47. Be2 Kg6 48. Bb5 Kf7 49. Be2 Ng6 50. Bxh5 Kg7 51. b4 Nxf4 52. Be8 Ng2 53. h5 Nf4 54. bxa5 bxa5 55. Kd2 Kh6 56. Bf7 Kg7 57. Be8 Kh6 58. Bf7 Kg7 59. Be8 1/2-1/2


[Site "https://www.chess.com"]

[Event "Titled Tuesday Blitz June 1 2021"]
[White "Maly, Alexey"]
[Black "Kislov, Oleg"]
[WhiteFideId "14103184"]
[BlackFideId "13503774"]
[WhiteElo "2314"]
[BlackElo "2252"]
[Result "1-0"]
[Round "07"]
[TimeControl "180+1"]
[Date "2021.06.01"]
[WhiteClock "0:01:50"]
[BlackClock "0:00:10"]

1. d4 Nf6 2. c4 e6 3. Nf3 d5 4. e3 dxc4 5. Bxc4 c5 6. O-O a6 7. Qe2 b5 8. Bd3 Bb7 9. dxc5 Bxc5 10. Bxb5+ Nbd7 11. Bd3 Bxf3 12. gxf3 Ne5 13. Bc2 Qd5 14. e4 Qc6 15. Nc3 O-O 16. f4 Ng6 17. Be3 e5 18. fxe5 Nxe5 19. f4 Nc4 20. Bxc5 Qxc5+ 21. Kh1 Nxb2 22. Rf3 Rac8 23. e5 Nd5 24. Bxh7+ Kxh7 25. Rh3+ Kg8 26. Qh5 f5 27. e6 Nxf4 28. Qh8# 1-0


[Site "https://www.chess.com"]

[Event "Titled Tuesday Blitz June 1 2021"]
[White "Manafov, Vugar"]
[Black "Sychev, Klementy"]
[WhiteFideId "13410814"]
[BlackFideId "4114060"]
[WhiteElo "2274"]
[BlackElo "2615"]
[Result "0-1"]
[Round "07"]
[TimeControl "180+1"]
[Date "2021.06.01"]
[WhiteClock "0:00:35"]
[BlackClock "0:00:18"]

1. d4 Nf6 2. c4 g6 3. Nc3 Bg7 4. g3 d5 5. cxd5 Nxd5 6. e4 Nxc3 7. bxc3 c5 8. Ne2 cxd4 9. cxd4 Nc6 10. Be3 Bg4 11. d5 Qa5+ 12. Bd2 Ne5 13. Bg2 Qa6 14. Kf1 Nc4 15. f3 Bxa1 16. Qxa1 Nxd2+ 17. Ke1 Nxf3+ 18. Bxf3 Bxf3 19. Qxh8+ Kd7 0-1


[Site "https://www.chess.com"]

[Event "Titled Tuesday Blitz June 1 2021"]
[White "Martinez Alcantara, Jose Eduardo"]
[Black "Donchenko, Alexander"]
[WhiteFideId "3805662"]
[BlackFideId "24603295"]
[WhiteElo "2690"]
[BlackElo "2553"]
[Result "1-0"]
[Round "07"]
[TimeControl "180+1"]
[Date "2021.06.01"]
[WhiteClock "0:00:10"]
[BlackClock "0:00:02"]

1. e4 e5 2. Nf3 Nc6 3. Bb5 a6 4. Ba4 Nf6 5. d3 Bc5 6. c3 b5 7. Bb3 d6 8. h3 h6 9. Nbd2 Bb6 10. Nf1 O-O 11. Qe2 Re8 12. g4 Nh7 13. Rg1 Be6 14. g5 Bxb3 15. gxh6 g6 16. axb3 d5 17. h4 dxe4 18. dxe4 Kh8 19. Be3 Qe7 20. Bxb6 cxb6 21. Ne3 Nf6 22. Ng5 Rad8 23. Rxa6 Nh5 24. Qxb5 Nb8 25. Rxb6 Nf4 26. Nd5 Nxd5 27. exd5 Nd7 28. Rb7 e4 29. Rg3 Rf8 30. Kf1 Qd6 31. Nxe4 Qf4 32. Qc4 Ne5 33. Qd4 Rfe8 34. Ng5 Qxd4 35. cxd4 f6 36. dxe5 fxg5 37. hxg5 Rxe5 38. Rg7 Rexd5 39. Rxg6 Rd2 40. Rf6 Rxb2 41. g6 Kg8 42. h7+ Kh8 43. Kg2 Re8 44. Kh3 Kg7 45. Rf7+ Kh8 46. Rf8+ Rxf8 47. g7+ Kxh7 48. gxf8=Q Rxb3 49. Qg7# 1-0


[Site "https://www.chess.com"]

[Event "Titled Tuesday Blitz June 1 2021"]
[White "Melian, Juan Sebastian"]
[Black "Bach, Matthias"]
[WhiteFideId "3706575"]
[BlackFideId "4603168"]
[WhiteElo "1563"]
[BlackElo "2213"]
[Result "0-1"]
[Round "07"]
[TimeControl "180+1"]
[Date "2021.06.01"]
[WhiteClock "0:00:17"]
[BlackClock "0:00:04"]

1. d4 Nf6 2. Nf3 c5 3. c3 b6 4. Bg5 d6 5. e3 Nbd7 6. Nbd2 g6 7. Bd3 Bg7 8. O-O O-O 9. Qe2 Bb7 10. e4 e5 11. dxe5 Nxe5 12. Nxe5 dxe5 13. Rfd1 Qc7 14. a4 Rad8 15. f3 h6 16. Be3 Nh5 17. Ba6 f5 18. Bxb7 Qxb7 19. Qc4+ Kh7 20. Nb3 fxe4 21. Qxe4 Qxe4 22. fxe4 Nf6 23. Re1 Ng4 24. Rac1 Nxe3 25. Rxe3 c4 26. Na1 Rd2 27. Nc2 Rff2 28. Ne1 Rxb2 29. Rd1 Rfd2 30. Ra1 Ra2 31. Rb1 Rxa4 32. Rf3 h5 33. Rb5 Ra1 34. Kf1 Rdd1 35. Re3 Bh6 36. Re2 Bd2 37. Rxe5 Rxe1+ 38. Rxe1 Rxe1+ 39. Kf2 Bxc3 40. Re7+ Kh6 41. Rxa7 b5 42. Rb7 b4 43. Rc7 Rxe4 44. Kf3 Rd4 45. h3 b3 46. g4 hxg4+ 47. hxg4 b2 48. Rb7 Rd1 49. Kf4 g5+ 50. Kf5 b1=Q+ 51. Ke6 Qe4+ 52. Kf7 Qxb7+ 53. Ke6 Qe4+ 54. Kf7 Rd7+ 55. Kg8 Qe8# 0-1


[Site "https://www.chess.com"]

[Event "Titled Tuesday Blitz June 1 2021"]
[White "Migot, Tangi"]
[Black "Krzywda, Andrzej"]
[WhiteFideId "662445"]
[BlackFideId "1114565"]
[WhiteElo "2551"]
[BlackElo "2100"]
[Result "1-0"]
[Round "07"]
[TimeControl "180+1"]
[Date "2021.06.01"]
[WhiteClock "0:01:07"]
[BlackClock "0:00:01"]

1. d4 Nf6 2. e3 c5 3. dxc5 Na6 4. Bxa6 bxa6 5. b4 a5 6. c3 axb4 7. cxb4 a5 8. Bd2 axb4 9. Bxb4 g6 10. Ne2 Bg7 11. Nbc3 Bb7 12. O-O Qb8 13. a3 Ng4 14. Ng3 h5 15. Rb1 Nxh2 16. Kxh2 h4 17. f4 hxg3+ 18. Kxg3 Qc7 19. Rh1 Qc6 20. Rxh8+ Bxh8 21. Qf3 Qxf3+ 22. gxf3 Bc6 23. Ne4 Rb8 24. Nd2 Ba4 25. Nc4 Bc2 26. Rh1 Bf6 27. e4 Kf8 28. e5 Bg7 29. Nb6 Bf5 30. Rd1 Ke8 31. a4 g5 32. a5 gxf4+ 33. Kxf4 Be6 34. Ke4 f5+ 35. Ke3 Bh6+ 36. f4 Kf7 37. a6 Rg8 38. a7 Bxf4+ 39. Kxf4 Rg4+ 40. Kf3 Rxb4 41. a8=Q Rb3+ 42. Kf2 1-0


[Site "https://www.chess.com"]

[Event "Titled Tuesday Blitz June 1 2021"]
[White "Miszler, Levente"]
[Black "Girish, A. Koushik"]
[WhiteFideId "763276"]
[BlackFideId "5038448"]
[WhiteElo "1967"]
[BlackElo "2387"]
[Result "1/2-1/2"]
[Round "07"]
[TimeControl "180+1"]
[Date "2021.06.01"]
[WhiteClock "0:00:32"]
[BlackClock "0:00:03"]

1. Nf3 d5 2. c4 e6 3. g3 Nf6 4. Bg2 dxc4 5. O-O a6 6. a4 c5 7. Qc2 Nc6 8. Qxc4 Bd7 9. d3 Rc8 10. Bd2 Be7 11. Nc3 O-O 12. Ne4 Nxe4 13. Qxe4 Bf6 14. Bc3 Qe7 15. Rac1 b6 16. d4 cxd4 17. Nxd4 Nxd4 18. Bxd4 Qb4 19. Bxf6 Qxe4 20. Bxe4 gxf6 21. b3 a5 22. Rfd1 Rxc1 23. Rxc1 Rc8 24. Rxc8+ Bxc8 25. Bd3 e5 26. Bc4 Kf8 27. e3 Ke7 28. Kf1 Be6 29. Ke2 Bxc4+ 30. bxc4 e4 31. Kd2 Kd6 32. Kc3 Ke5 33. h3 f5 34. Kb3 h5 35. Kc3 Kd6 36. Kd4 f6 37. h4 Kc6 38. Kc3 Kd7 39. Kd4 Kd6 40. Kc3 Kc5 41. Kb3 f4 42. gxf4 f5 43. Kc3 Kc6 44. Kd4 Kd6 45. Kc3 Kc5 46. Kb3 Kc6 47. Kc3 Kc5 48. Kb3 Kc6 49. Kc3 Kc5 1/2-1/2


[Site "https://www.chess.com"]

[Event "Titled Tuesday Blitz June 1 2021"]
[White "Murzin, Volodar"]
[Black "Gurvich, Vitaly"]
[WhiteFideId "44155573"]
[BlackFideId "24164852"]
[WhiteElo "2768"]
[BlackElo "2583"]
[Result "1-0"]
[Round "07"]
[TimeControl "180+1"]
[Date "2021.06.01"]
[WhiteClock "0:00:07"]
[BlackClock "0:00:02"]

1. e4 c6 2. Nf3 d5 3. exd5 cxd5 4. Ne5 Nd7 5. Bb5 a6 6. Bxd7+ Bxd7 7. O-O Bf5 8. d4 e6 9. c3 Bd6 10. Re1 Ne7 11. Nd2 Qc7 12. Nf1 O-O 13. Ng3 Rae8 14. a4 f6 15. Nd3 e5 16. dxe5 fxe5 17. Bg5 Nc6 18. Nc5 Bg6 19. b4 Qf7 20. Nxb7 Bb8 21. b5 Na7 22. bxa6 Qxf2+ 23. Kh1 h6 24. Be3 Qf6 25. Qxd5+ Bf7 26. Qe4 Qxa6 27. Nc5 Qc8 28. Nf5 Be6 29. Nxh6+ gxh6 30. Qg6+ Kh8 31. Qxh6+ Kg8 32. Qg6+ Kh8 33. Bh6 Rf7 34. Re3 Qxc5 35. Rg3 Ree7 36. Qg8# 1-0


[Site "https://www.chess.com"]

[Event "Titled Tuesday Blitz June 1 2021"]
[White "Nakamura, Hikaru"]
[Black "Visakh N R"]
[WhiteFideId "2016192"]
[BlackFideId "25012223"]
[WhiteElo "2900"]
[BlackElo "2428"]
[Result "1-0"]
[Round "07"]
[TimeControl "180+1"]
[Date "2021.06.01"]
[WhiteClock "0:00:09"]
[BlackClock "0:00:06"]

1. b4 e5 2. Bb2 Bxb4 3. Bxe5 Nf6 4. e3 O-O 5. Nf3 Nc6 6. Bg3 d5 7. c3 Bd6 8. Bh4 Bf5 9. d4 Be7 10. Bxf6 Bxf6 11. Bd3 Bxd3 12. Qxd3 Na5 13. Nbd2 c5 14. O-O Rc8 15. Rab1 a6 16. Rfd1 b5 17. Nf1 Re8 18. Ng3 cxd4 19. Nxd4 Nc4 20. Rdc1 g6 21. Nge2 Nb6 22. Rc2 Rc4 23. Rd1 Be5 24. Nf3 Bd6 25. h4 Qf6 26. Rcd2 Bb8 27. Qb1 Kg7 28. Rd4 Re4 29. Rxc4 Rxc4 30. Rd4 Na4 31. Qd3 Nc5 32. Qd1 Ne4 33. Qd3 Nc5 34. Qc2 Ne4 35. Qb3 Ba7 36. Rxc4 dxc4 37. Qc2 Nc5 38. Nf4 Bb8 39. Nd5 Qd6 40. Nf4 Nd3 41. Nxd3 cxd3 42. Qd2 Qd5 43. Ne1 Be5 44. Nxd3 Bf6 45. g3 Qc4 46. Nf4 Bxc3 47. Qc2 Be5 48. Qxc4 bxc4 49. Nd5 f5 50. Kf1 a5 51. Ke2 Kf7 52. Nb6 c3 53. Nc4 Ke6 54. Nxe5 Kxe5 55. f3 h6 56. Kd3 g5 57. hxg5 hxg5 58. Kxc3 Kd5 59. Kd3 Ke5 60. e4 f4 61. g4 1-0


[Site "https://www.chess.com"]

[Event "Titled Tuesday Blitz June 1 2021"]
[White "Narayanan, Srinath"]
[Black "Senthil Maran K"]
[WhiteFideId "5018420"]
[BlackFideId "25035681"]
[WhiteElo "2472"]
[BlackElo "2194"]
[Result "0-1"]
[Round "07"]
[TimeControl "180+1"]
[Date "2021.06.01"]
[WhiteClock "0:00:01"]
[BlackClock "0:00:05"]

1. Nf3 d5 2. b3 Nf6 3. Bb2 g6 4. e3 Bg7 5. c4 c5 6. cxd5 Qxd5 7. Nc3 Qf5 8. d4 O-O 9. Bd3 Qh5 10. dxc5 Qxc5 11. O-O Nc6 12. Rc1 Qa5 13. Qe2 Bg4 14. h3 Bxf3 15. gxf3 Rfd8 16. f4 Nd5 17. Nxd5 Qxd5 18. Rfd1 Bxb2 19. Qxb2 Qf3 20. Qe2 Qxh3 21. Be4 Rxd1+ 22. Qxd1 Rd8 23. Qe2 Rd6 24. Bg2 Qd7 25. a3 Rd2 26. Qf3 Ra2 27. b4 a6 28. f5 Qxf5 29. Qxf5 gxf5 30. Bxc6 bxc6 31. Rxc6 Rxa3 32. Kg2 Rb3 33. Rxa6 Rxb4 34. Kg3 e6 35. f4 Kg7 36. Kf3 Rb1 37. Ra2 Rf1+ 38. Kg3 Rg1+ 39. Kf3 Rg4 40. Rh2 Rg1 41. Ra2 Rf1+ 42. Kg3 Rb1 43. Kf3 h5 44. Rg2+ Kf6 45. Rg8 Rh1 46. Kg2 Rh4 47. Kf3 Rg4 48. Rh8 h4 49. Rh6+ Kg7 50. Rh5 f6 51. Kf2 e5 52. fxe5 Kg6 53. Rh8 fxe5 54. Rg8+ Kf6 55. Rf8+ Ke6 56. Re8+ Kd5 57. Ra8 Rb4 58. Kf3 Rb1 59. Rd8+ Ke6 60. Rh8 Rf1+ 61. Kg2 Re1 62. Kf2 Rh1 63. Kg2 Rb1 64. Rxh4 Kd5 65. Kf2 Rb2+ 66. Kf3 e4+ 67. Kg3 Kc4 68. Rh5 Kd3 69. Rxf5 Kxe3 70. Rf8 Rb1 71. Kg2 Ke2 72. Rf2+ Ke3 73. Ra2 Rd1 74. Ra3+ Rd3 75. Ra8 Rd1 76. Ra7 Ke2 77. Ra2+ Rd2 78. Ra3 e3 79. Kg3 Rd3 80. Ra2+ Kf1 81. Kf4 e2 82. Ke4 Rb3 0-1


[Site "https://www.chess.com"]

[Event "Titled Tuesday Blitz June 1 2021"]
[White "Narva, Mai"]
[Black "Costachi, Mihnea"]
[WhiteFideId "4500512"]
[BlackFideId "1217518"]
[WhiteElo "2553"]
[BlackElo "2727"]
[Result "1-0"]
[Round "07"]
[TimeControl "180+1"]
[Date "2021.06.01"]
[WhiteClock "0:01:16"]
[BlackClock "0:01:51"]

1. e4 e5 2. Nc3 Nf6 3. f4 d5 4. fxe5 Nxe4 5. Qf3 Ng5 6. Qxd5 Qxd5 7. Nxd5 Ne6 8. Nf3 c6 9. Nc3 Bc5 10. Bc4 O-O 11. Ne4 Be7 12. d4 Rd8 13. c3 b5 14. Bb3 a5 15. a4 b4 16. O-O Na6 17. Be3 Nac7 18. c4 Ba6 19. Rad1 Nf8 20. Rfe1 Ng6 21. d5 cxd5 22. cxd5 Bf8 23. Bb6 Rdc8 24. e6 fxe6 25. d6 Nd5 26. Rxd5 exd5 27. Bxd5+ Kh8 28. d7 Rab8 29. dxc8=Q Rxc8 30. Neg5 h6 31. Nf7+ Kh7 32. Be4 Rc4 33. Bxg6+ Kxg6 34. N7e5+ Kf5 35. Nxc4 Bxc4 36. Re5+ Kf4 37. Be3+ Kg4 38. Re4+ Kf5 39. Rxc4 1-0


[Site "https://www.chess.com"]

[Event "Titled Tuesday Blitz June 1 2021"]
[White "Nesterov, Arseniy"]
[Black "Lamaze, Simon"]
[WhiteFideId "24198455"]
[BlackFideId "36069264"]
[WhiteElo "2441"]
[BlackElo "1938"]
[Result "1-0"]
[Round "07"]
[TimeControl "180+1"]
[Date "2021.06.01"]
[WhiteClock "0:00:04"]
[BlackClock "0:00:02"]

1. d4 Nf6 2. c4 e6 3. Nf3 b6 4. g3 Ba6 5. Qc2 b5 6. cxb5 Bxb5 7. Nc3 Bc6 8. Bg2 d5 9. O-O Be7 10. Ne5 Bb7 11. Bf4 O-O 12. Nd3 Nbd7 13. Na4 Ne4 14. Bxc7 Qe8 15. Nac5 Ndxc5 16. dxc5 Rc8 17. Bf4 Nxc5 18. Nxc5 Rxc5 19. Qd2 Qb5 20. Be3 Rc7 21. Bxa7 Rfc8 22. Rfc1 Qa4 23. Bb6 Rxc1+ 24. Rxc1 Qxa2 25. Rxc8+ Bxc8 26. Qc1 Qa8 27. e4 dxe4 28. Bxe4 Qxe4 29. Qxc8+ Bf8 30. Qc3 h5 31. Qd4 Qb1+ 32. Kg2 Qf5 33. b4 g5 34. Bc5 h4 35. gxh4 Bg7 36. Qd8+ Kh7 37. Qxg5 Qe4+ 38. f3 Qe2+ 39. Bf2 Qb2 40. b5 e5 41. Qf5+ Kg8 42. Qc8+ Kh7 43. Qc4 Bh6 44. Qxf7+ Kh8 45. Qh5 Kh7 46. Qf5+ Kg7 47. Qd7+ Kg8 48. Qc8+ Kg7 49. Qc7+ Kg8 50. Qc5 Bd2 51. b6 Be1 52. Qc8+ Kh7 53. Qd7+ Kg6 54. Qc6+ Kg7 55. Qc5 Kg6 56. b7 Bxf2 57. Qd5 Bd4+ 58. Kh3 Qb1 59. Qe4+ Kh5 60. Qxb1 1-0


[Site "https://www.chess.com"]

[Event "Titled Tuesday Blitz June 1 2021"]
[White "Nguyen, Ngoc Truong Son"]
[Black "Bacrot, Etienne"]
[WhiteFideId "12401110"]
[BlackFideId "605506"]
[WhiteElo "2596"]
[BlackElo "2673"]
[Result "1-0"]
[Round "07"]
[TimeControl "180+1"]
[Date "2021.06.01"]
[WhiteClock "0:00:23"]
[BlackClock "0:00:07"]

1. d4 d5 2. Nf3 Nf6 3. c4 c6 4. cxd5 cxd5 5. Nc3 Nc6 6. Bf4 Bf5 7. e3 e6 8. Qb3 Bb4 9. Ne5 O-O 10. Nxc6 Bxc3+ 11. Qxc3 bxc6 12. f3 Qb6 13. Be2 Rfc8 14. Rc1 a5 15. O-O Nd7 16. Bd6 h6 17. Qa3 Re8 18. Rc3 e5 19. dxe5 Nxe5 20. Bc5 Qb7 21. Bd4 Nd7 22. Rfc1 Rac8 23. Qxa5 Ra8 24. Rb3 Qxb3 25. Qxa8 Qxe3+ 26. Bxe3 Rxa8 27. a3 Ne5 28. Bd4 Re8 29. Kf2 Bd7 30. a4 f6 31. a5 Ra8 32. a6 Kf7 33. a7 Ke7 34. Ba6 Bc8 35. Bxc8 Rxc8 36. Bxe5 fxe5 37. Rxc6 Ra8 38. Rc7+ Kd6 39. Rxg7 Kc5 40. Ke3 Kc4 41. Rc7+ Kb3 42. g4 d4+ 43. Ke4 Kxb2 44. h4 Kb3 45. g5 d3 46. Kxd3 1-0


[Site "https://www.chess.com"]

[Event "Titled Tuesday Blitz June 1 2021"]
[White "Nguyen, Van Huy"]
[Black "Makhnev, Denis"]
[WhiteFideId "12401064"]
[BlackFideId "13707647"]
[WhiteElo "2443"]
[BlackElo "2549"]
[Result "1-0"]
[Round "07"]
[TimeControl "180+1"]
[Date "2021.06.01"]
[WhiteClock "0:00:30"]
[BlackClock "0:00:05"]

1. d4 Nf6 2. c4 e6 3. Nf3 d5 4. g3 Bb4+ 5. Nbd2 O-O 6. Bg2 dxc4 7. O-O Bd7 8. Nxc4 Bc6 9. Qb3 a5 10. a3 Be7 11. a4 Bd5 12. Rd1 Nc6 13. e3 Nd7 14. Qc2 Nb4 15. Qe2 Nf6 16. Bd2 Qe8 17. Be1 b6 18. b3 Rc8 19. Rac1 Bb7 20. Nfe5 Bxg2 21. Kxg2 c5 22. Nxb6 Rb8 23. Bxb4 axb4 24. Nbc4 Nd5 25. Qf3 Nc3 26. Rd3 cxd4 27. Rxd4 Rd8 28. a5 Rxd4 29. exd4 Qb5 30. Qc6 Qd5+ 31. Qxd5 exd5 32. Nb6 Rb8 33. Nc6 Rb7 34. Ra1 Nb5 35. Nxd5 Bd6 36. a6 Rd7 37. a7 Nxa7 38. Rxa7 Rxa7 39. Nxa7 1-0


[Site "https://www.chess.com"]